 Dungeon Crawl Stone Soup version 0.18-a0-1413-g4eaa9ac (webtiles) character file.

14084 M4edhros the Spear-Bearer (level 12, -1/123 HPs)
             Began as an Octopode Artificer on Feb 25, 2016.
             Was an Elder of Fedhas.
             Slain by a hill giant
             ... wielding a +0 giant spiked club
              (20 damage)
             ... on level 12 of the Dungeon.
             The game lasted 00:29:37 (12092 turns).

M4edhros the Spear-Bearer (Octopode Artificer)     Turns: 12092, Time: 00:29:37

Health: -1/123     AC: 26    Str: 15    XL:     12   Next: 12%
Magic:  0/45       EV:  2    Int: 19    God:    Fedhas [****..]
Gold:   674        SH:  0    Dex: 18    Spells: 1 memorised, 8 levels left

rFire  + . .     SeeInvis +     T - +2 halberd (elec)
rCold  . . .     Gourm    .     (shield currently unavailable)
rNeg   + + +     Faith    .     (helmet currently unavailable)
rPois  +         Spirit   +     s - amulet of guardian spirit
rElec  .         Dismiss  .     j - ring of see invisible
rCorr  .         Reflect  .     o - ring of protection from fire
SustAt +         Harm     .     y - ring of sustain attributes
MR     .....     NoTele   +     S - ring of magical power
Stlth  +++.......               Y - ring of magical power
                                D - ring of magical power
                                (no ring)
                                (no ring)

@: mighty, agile, tree-form (expiring), not resistant to hostile enchantments,
fairly stealthy
A: almost no armour, amphibious, 8 rings, (constrict 8), (molten scales 0),
(camouflage 0), robust 1, (gelatinous body 0), no device heal 1
a: Evolution, Sunlight, Growth, Reproduction, Renounce Religion


You were on level 12 of the Dungeon.
You worshipped Fedhas.
Fedhas was greatly pleased with you.
You were hungry.
You were a tree.
You visited 1 branch of the dungeon, and saw 12 of its levels.
You also visited: Bailey.

You collected 674 gold pieces.

Inventory:

Hand Weapons
 i - the +6 long sword "M4edhros's Bane" {pain, Int+3}
   (You found it on level 10 of the Dungeon)

   In the hands of one skilled in necromantic magic, it inflicts extra damage on
   living creatures.
   It affects your intelligence (+3).
 G - a +3 trident
 T - a +2 halberd of electrocution (weapon)
Missiles
 a - 8 curare-tipped needles
 f - 122 sling bullets
 q - 9 javelins (quivered)
Armour
 n - a +0 shield
Jewellery
 j - a ring of see invisible (left branch)
 o - a ring of protection from fire (right branch)
 s - an amulet of guardian spirit (around neck)
 y - a ring of sustain attributes (on tentacle)
 A - an uncursed amulet of rage
 D - a ring of magical power (on tentacle)
 K - the ring of Hazovifu {rElec MR- Str+3 Stlth-}
   (You found it on level 6 of the Dungeon)

   [ring of loudness]

   It affects your strength (+3).
   It insulates you from electricity.
   It affects your resistance to hostile enchantments.
   It makes you less stealthy.
 S - a ring of magical power (on tentacle)
 Y - a ring of magical power (on tentacle)
Wands
 b - a wand of flame (14/48)
 c - a wand of enslavement (4/24)
 d - a wand of random effects (8/48)
 e - a wand of lightning (10/15)
 x - a wand of lightning (3/15)
 z - a wand of paralysis (11/24)
 B - a wand of confusion (21/48)
 J - a wand of paralysis (20/24)
 N - a wand of random effects (24/48)
 V - a wand of slowing (11/48)
 X - a wand of iceblast (5/15)
 Z - a wand of iceblast (5/15)
Scrolls
 g - a scroll of blinking
 h - 2 scrolls of immolation {unknown}
 k - 3 scrolls of noise {unknown}
 m - 3 scrolls of teleportation {unknown}
 t - 4 scrolls of enchant armour {unknown}
 v - 2 scrolls of amnesia {unknown}
 w - 4 scrolls of enchant weapon {unknown}
 C - a scroll of magic mapping
 O - 4 scrolls of recharging
Potions
 r - 4 potions of might
 u - 2 potions of flight
 E - a potion of heal wounds
 H - a potion of degeneration {unknown}
 L - 2 potions of lignification
 P - a potion of resistance
 U - 2 potions of magic {unknown}
 W - 2 potions of beneficial mutation {unknown}
Books
 F - a book of the Tempests

   Spells                             Type                      Level
   a - Static Discharge               Conjuration/Air              3
   b - Lightning Bolt                 Conjuration/Air              5
   c - Fireball                       Conjuration/Fire             5
   d - Tornado                        Air                          9
   e - Shatter                        Earth                        9
Comestibles
 l - 5 meat rations
 p - 15 royal jellies
 Q - 2 bread rations
 R - 6 beef jerkies


   Skills:
 + Level 4.4 Fighting
   Level 1.0 Short Blades
 + Level 11.2 Polearms
 + Level 7.8 Dodging
 - Level 1.3 Stealth
 - Level 6.5 Unarmed Combat
 - Level 8.9 Invocations
 - Level 9.2 Evocations


You had 8 spell levels left.
You knew the following spells:

 Your Spells              Type           Power        Failure   Level  Hunger
a - Static Discharge      Conj/Air       #.......     65%         3    ####...


Dungeon Overview and Level Annotations

Branches:
Dungeon (12/15)            Temple (0/1) D:5            Lair (0/8) D:10
    Orc: D:9-12

Altars:
Elyvilon
Fedhas
Gozag
Kikubaaqudgha
Makhleb
Nemelex Xobeh
Qazlal
Ru
Trog
Xom
Yredelemnul
Zin

Shops:
D:5 %

Annotations:
D:3 M4edhros's ghost, amateur OpAr


Innate Abilities, Weirdness & Mutations

You cannot wear most types of armour.
You are amphibious.
You can wear up to eight rings at the same time.
((You can use your tentacles to constrict eight enemies at once.))
((Your skin changes colour to match your surroundings (Stealth).))
((Your rubbery body absorbs attacks (AC +1).))
((You are partially covered in molten scales (AC +1).))
You are robust (+10% HP).
Potions and wands are less effective at restoring your health.


Message History

You slash the vampire mosquito!
You destroy the vampire mosquito!
Your transformation is almost over.
The hill giant hits you but does no damage.
Unknown command.
Unknown command.
You slash the hill giant!
The hill giant is lightly wounded.
The hill giant hits you with a giant spiked club!
* * * LOW HITPOINT WARNING * * *
Unknown command.
Unknown command.
Eat which item? (? for menu, Esc to quit)
You are feeling hungry.
That beef jerky was jerk-a-riffic!
You barely miss the hill giant.
The hill giant is lightly wounded.
The hill giant hits you with a giant spiked club!!
You die...
Fedhas appreciates your contribution to the ecosystem.

#.......#.....
#.......#.....
#.......#.....
#.............
#.[...........
#......./.....
#....)....#
#♣C..# #††..#
#....# #.?..#
#....# #....#
#....# #...[#


You could see a hill giant.

Vanquished Creatures
  A hydra (D:11)
  An unseen horror (D:10)
  2 hill giants (D:12)
  The ghost of Ijustatesigmund the Insei, a novice OpTm (D:7)
  A gargoyle (D:11)
  A troll (D:11)
  2 two-headed ogres
  A wraith (D:10)
  19 yaks
  A hungry ghost (D:9)
  A basilisk (D:12)
  A vampire mosquito (D:12)
  Menkaure (D:7)
  A soldier ant (D:11)
  Duvessa (D:7)
  3 ice beasts
  An orc warrior (D:7)
  A wasp (D:8)
  3 black bears
  2 phantoms
  3 ogres
  2 crocodiles
  6 centaurs
  2 big kobolds (D:12)
  7 giant frogs
  Dowan (D:7)
  A water moccasin skeleton (D:7)
  11 killer bees (D:11)
  5 wights
  A centaur zombie (D:11)
  5 crimson imps
  A quasit (D:8)
  2 giant frog zombies
  2 jellies
  5 hounds
  5 orc wizards
  4 orc priests
  5 giant frog skeletons
  An iguana (D:4)
  9 worker ants
  A hound zombie (D:5)
  A hound skeleton (D:6)
  10 gnolls (Bailey)
  A howler monkey skeleton (D:5)
  8 adders
  A shadow imp (D:9)
  2 adder skeletons
  7 worms
  4 dart slugs
  2 giant geckos
  15 orcs
  4 bats
  4 giant cockroaches
  10 goblins
  18 hobgoblins
  10 jackals
  4 quokkas
  2 ball pythons
  A giant newt (D:5)
  26 kobolds
  A quokka skeleton (D:7)
  2 rats
  A toadstool (D:11)
258 creatures vanquished.

Vanquished Creatures (collateral kills)
  An orc knight (Bailey)
  A cyclops (D:11)
  An elephant (D:10)
  A gargoyle (D:10)
  A centaur skeleton (D:12)
  6 yaks (D:10)
  A hippogriff (D:11)
  3 vampire mosquitoes (D:12)
  Edmund (D:6)
  A soldier ant (D:9)
  2 ice beasts
  2 black bears (D:6)
  A phantom (D:6)
  A centaur (D:11)
  An ogre (D:11)
  13 killer bees
  4 wights
  A giant frog zombie (D:11)
  2 orc wizards
  A hound (D:10)
  An orc priest (D:4)
  A giant frog skeleton (D:8)
  A worker ant (D:6)
  A sheep (D:10)
  A hound skeleton (D:10)
  An adder (D:10)
  3 gnolls (Bailey)
  A shadow imp (D:12)
  A giant gecko (D:6)
  A goblin (D:3)
  2 kobolds (Bailey)
59 creatures vanquished.

Vanquished Creatures (others)
  A queen bee (D:11)
  2 killer bees
  11 wandering mushrooms
  A giant spore (D:11)
  247 toadstools
262 creatures vanquished.

Grand Total: 579 creatures vanquished

Notes
Turn   | Place    | Note
--------------------------------------------------------------
     0 | D:1      | M4edhros the Octopode Artificer began the quest for the Orb.
     0 | D:1      | Reached XP level 1. HP: 13/13 MP: 3/3
    14 | D:1      | Reached skill level 1 in Unarmed Combat
   505 | D:1      | Reached XP level 2. HP: 9/18 MP: 4/4
  1291 | D:2      | Reached XP level 3. HP: 15/23 MP: 5/5
  1425 | D:2      | Found a blossoming altar of Fedhas.
  1441 | D:2      | Became a worshipper of Fedhas Madash
  1724 | D:3      | Noticed M4edhros's ghost (amateur OpAr)
  1824 | D:3      | You fall through a shaft for 2 floors!
  1824 | D:5      | Entered Level 5 of the Dungeon
  1824 | D:5      | Found a staircase to the Ecumenical Temple.
  1828 | D:5      | Reached XP level 4. HP: 20/28 MP: 4/6
  1846 | D:5      | Reached XP level 5. HP: 14/33 MP: 1/7
  1851 | D:5      | Reached skill level 5 in Unarmed Combat
  2255 | D:5      | Reached XP level 6. HP: 32/38 MP: 6/8
  2279 | D:5      | Noticed a phantom
  2316 | D:5      | Killed a phantom
  2329 | D:5      | Got an ichor-stained scythe
  2330 | D:5      | Identified the +6 scythe of Cuysk {slice, rElec rPois Int-2} (You found it on level 5 of the Dungeon)
  2348 | D:5      | Found a basalt altar of Yredelemnul.
  2428 | D:5      | Reached skill level 1 in Polearms
  2453 | D:5      | Reached XP level 7. HP: 32/43 MP: 7/9
  2466 | D:5      | Found a sacrificial altar of Ru.
  2467 | D:5      | Found a sparkling altar of Nemelex Xobeh.
  2569 | D:4      | Reached skill level 2 in Polearms
  2577 | D:4      | Reached * piety under Fedhas
  2638 | D:4      | Found an opulent altar of Gozag.
  2639 | D:4      | Found a glowing silver altar of Zin.
  2644 | D:4      | Reached skill level 1 in Invocations
  3132 | D:4      | Reached skill level 3 in Polearms
  3885 | D:3      | Found a stormy altar of Qazlal.
  4381 | D:5      | Found Wiybbe Giebb's Food Boutique.
  4584 | D:6      | Found a bloodstained altar of Trog.
  4627 | D:6      | Reached skill level 4 in Polearms
  4764 | D:6      | Reached XP level 8. HP: 48/48 MP: 10/10
  4858 | D:6      | Reached ** piety under Fedhas
  4868 | D:6      | Reached skill level 5 in Polearms
  4943 | D:6      | Got an ancient dagger
  4944 | D:6      | Identified the +6 dagger "Lackips" {freeze, rF+} (You found it on level 6 of the Dungeon)
  4989 | D:6      | Reached skill level 5 in Invocations
  4992 | D:6      | Noticed Edmund
  5011 | D:6      | Killed Edmund
  5094 | D:6      | Got a flickering platinum ring
  5095 | D:6      | Identified the ring of Hazovifu {rElec MR- Str+3 Stlth-} (You found it on level 6 of the Dungeon)
  5209 | D:6      | Found an ancient bone altar of Kikubaaqudgha.
  5246 | D:6      | Reached skill level 6 in Polearms
  5424 | D:6      | HP: 1/48 [centaur (3)]
  5727 | D:7      | Noticed Duvessa
  5738 | D:7      | Killed Duvessa
  5738 | D:7      | Reached XP level 9. HP: 53/53 MP: 13/13
  5766 | D:7      | Noticed Dowan
  5779 | D:7      | Killed Dowan
  5944 | D:7      | Noticed Menkaure
  6046 | D:7      | Killed Menkaure
  6131 | D:7      | Reached skill level 7 in Polearms
  6826 | D:7      | Noticed Ijustatesigmund's ghost (novice OpTm)
  6831 | D:7      | Gained mutation: You are partially covered in molten scales (AC +1). [potion of mutation]
  6831 | D:7      | Gained mutation: Potions and wands are less effective at restoring your health. [potion of mutation]
  6831 | D:7      | Gained mutation: You are robust (+10% HP). [potion of mutation]
  6834 | D:7      | Killed Ijustatesigmund's ghost
  7242 | D:8      | Noticed a two-headed ogre
  7252 | D:8      | Killed a two-headed ogre
  7252 | D:8      | Reached skill level 5 in Evocations
  7481 | D:8      | Found a white marble altar of Elyvilon.
  7598 | D:8      | Reached skill level 8 in Polearms
  7832 | D:9      | Reached XP level 10. HP: 29/63 MP: 9/16
  8502 | D:9      | Found a burning altar of Makhleb.
  8503 | D:9      | Found a shimmering altar of Xom.
  8643 | D:10     | Entered Level 10 of the Dungeon
  8664 | D:10     | Noticed an elephant
  8665 | D:10     | Found a staircase to the Lair.
  8679 | D:10     | Killed an elephant
  8695 | D:10     | Reached *** piety under Fedhas
  8756 | D:10     | Found a flagged portal.
  8773 | Bailey   | Entered a bailey
  9006 | Bailey   | Noticed an orc knight
  9233 | Bailey   | Killed an orc knight
  9418 | D:10     | Reached skill level 9 in Polearms
  9908 | D:10     | Got a fine long sword
  9909 | D:10     | Identified the +6 long sword "M4edhros's Bane" {pain, Int+3} (You found it on level 10 of the Dungeon)
  9943 | D:10     | Noticed an unseen horror
  9950 | D:10     | Killed an unseen horror
  9950 | D:10     | Reached XP level 11. HP: 55/69 MP: 17/17
 10160 | D:10     | Reached skill level 5 in Dodging
 10572 | D:11     | Reached skill level 10 in Polearms
 10925 | D:11     | Reached **** piety under Fedhas
 10980 | D:11     | HP: 3/69 [killer bee (2)]
 11453 | D:11     | Noticed a five-headed hydra
 11459 | D:11     | Killed a seven-headed hydra
 11541 | D:11     | Noticed a cyclops
 11567 | D:11     | Killed a cyclops
 11899 | D:12     | Noticed a hill giant
 11910 | D:12     | Killed a hill giant
 11921 | D:12     | Reached skill level 11 in Polearms
 11922 | D:12     | Reached XP level 12. HP: 81/81 MP: 18/18
 11988 | D:12     | Learned a level 3 spell: Static Discharge
 12092 | D:12     | Slain by a hill giant

Vault maps used:
D:1:      evilmike_arrival_run_for_it, minivault_19
D:2:      nicolae_overflow_crystal_walls, corexii_corridor_pit
D:3:      grunt_qazlal_sundering, first_bread, minivault_14, minivault_26
D:4:      grunt_temple_overflow_gold_and_silver
D:5:      kennysheep_mini, gammafunk_temple_overflow_statue,
          minmay_temple_entry_trees, serial_shops,
          nicolae_shop_temple_entry_statues_fountains
D:6:      trog_ov_bears_minmay, marbit_many_paths, mrwooster_statue_mirror,
          uniq_edmund
D:7:      grunt_ogre_cave, uniq_menkaure, uniq_duvessa
D:8:      overflow_temple_1_default
D:9:      grunt_temple_overflow_champion_of_chaos
D:10:     david_lair_generic, enter_bailey_3
D:11:     special_room
D:12:     erik_orc_1, basic_altar, okawaru_ov_weapons_minmay
Bailey:   bailey_axe_2, bailey

Skill      XL: |  1  2  3  4  5  6  7  8  9 10 11 12 |
---------------+-------------------------------------+-----
Unarmed Combat | 1 2 3 4 5 6 |  6.5
Polearms       | 1 4 6 8 9 11 | 11.2
Invocations    | 3 6 8 |  8.9
Evocations     | 5 8 9 |  9.2
Dodging        | 4 7 |  7.8
Fighting       | 3 4 |  4.4
Short Blades   | |  1.0
Stealth        | |  1.3

Action                   |  1- 3 |  4- 6 |  7- 9 | 10-12 || total
-------------------------+-------+-------+-------+-------++-------
Melee: Unarmed           |    84 |    37 |       |       ||   121
       Scythe            |       |    10 |   128 |   111 ||   249
       Dagger            |       |       |    76 |       ||    76
       Trident           |       |       |     8 |       ||     8
       Halberd           |       |       |       |   297 ||   297
Throw: Javelin           |       |     2 |       |       ||     2
Invok: Evolution         |       |       |     4 |    10 ||    14
       Reproduction      |       |       |       |     1 ||     1
Evoke: Wand              |       |     6 |     7 |    12 ||    25
  Use: Potion            |       |     4 |     9 |    10 ||    23
       Scroll            |       |       |     9 |     3 ||    12
 Stab: Sleeping          |    11 |     2 |    22 |    13 ||    48
       Confused          |       |     2 |     2 |     2 ||     6
       Distracted        |       |       |     2 |     1 ||     3
       Paralysed         |       |       |     4 |       ||     4
  Eat: Bread ration      |     1 |       |     4 |     2 ||     7
       Royal jelly       |       |       |     1 |     1 ||     2
       Beef jerky        |       |       |       |     3 ||     3
